AoeStats
← waLLefps.

Arena

507346590Analyzed
1v1 RM · 13d ago on Sep 17, 2026· 52m 48s· 2 players
Game mode
Random Map
Map size
Tiny (2 player)
Population
200
Speed
Normal
Resources
Standard
Victory
Conquest
Starting age
Dark Age
Ending age
Imperial Age
RankedLock teamsTeams togetherTeam positionsShared explorationLock speedFull tech treeHidden civsTurbo modeCheats
Victory
Defeat
🇮🇳 Khmer · India
1383
+14
🇹🇷 Malay · Türkiye
1347
-14
waLLefps.
9:36 Feudal Age
9:14 Double-Bit Axe
9:11 Horse Collar
16:25 Castle Age
16:19 Bow Saw
16:10 Heavy Plow
17:58 Wheelbarrow
21:52 Hand Cart
21:39 Gold Mining
21:41 Stone Mining
21:41 Town Watch
21:42 Loom
23:26 Gold Shaft Mining
23:28 Stone Shaft Mining
28:56 Imperial Age
27:06 Forging
26:46 Fletching
26:57 Padded Archer Armor
26:34 Pikeman
26:35 Man-at-Arms
27:15 Squires
27:01 Arson
28:05 Long Swordsman
29:24 Iron Casting
29:57 Forced Levy
30:20 Conscription
29:52 Two-Handed Swordsman
30:05 Capped Ram
31:51 Blast Furnace
31:14 Ballistics
32:58 Chemistry
32:41 Halberdier
39:57 Elite Karambit Warrior
48:25 Onager
Eby
10:20 Feudal Age
11:31 Double-Bit Axe
14:17 Castle Age
13:11 Horse Collar
14:57 Wheelbarrow
14:44 Light Cavalry
23:11 Bow Saw
23:37 Heavy Plow
24:31 Hand Cart
28:31 Imperial Age
25:47 Loom
26:28 Town Watch
26:38 Gold Mining
26:39 Stone Mining
29:47 Conscription
31:07 Crop Rotation
30:43 Town Patrol
31:08 Heavy Scorpion
32:08 Siege Engineers
33:17 Bloodlines
33:08 Husbandry
33:15 Scale Barding Armor
33:21 Forging
34:45 Chemistry
34:06 Ballistics
33:29 Hussar
Connection lost

Rejoining the realm…

Still unreachable

The connection could not be restored.

Session expired

The server has moved on; the page needs a fresh start.